 Dungeon Crawl Stone Soup version 0.27.1 (webtiles) character file.

Game seed: 17229912583951754202

34678 Destapler the Basher (level 13, -3/99 (105) HPs)
             Began as a Palentonga Abyssal Knight on Aug 27, 2021.
             Was a High Priest of Lugonu.
             Killed by drain life
             ... invoked by a soul eater
             ... summoned by an orc high priest
              (11 damage)
             ... on level 2 of the Orcish Mines on Aug 28, 2021.
             The game lasted 01:33:23 (22517 turns).

Destapler the Basher (Palentonga Abyssal Knight)   Turns: 22517, Time: 01:33:23

HP:   -3/99 (105)   AC: 25    Str: 15    XL:     13   Next: 43%
MP:   17/19         EV:  9    Int: 16    God:    Lugonu [*****.]
Gold: 1526          SH: 17    Dex: 21    Spells: 12/12 levels left

rFire    . . .     SeeInvis +   a - +7 flail of Beogh's Righteous Fury {elec, rC+ Will+ Int+3}
rCold    + + .     Faith    .   s - +1 kite shield
rNeg     . . .     Spirit   .   w - +7 Kryia's mail coat {PotionHeal*2 rC+}
rPois    .         Reflect  +   J - +2 helmet
rElec    .         Harm     .   (no cloak)
rCorr    .         Rampage  .   (no gloves)
Will     +....                  (no barding)
Stlth    ..........             z - amulet of Vodka {Reflect Will+ SH+5}
HPRegen  0.26/turn              h - +6 ring of dexterity
MPRegen  0.16/turn              C - ring of willpower

@: weak-willed, very slightly contaminated, studying Air Magic, drained,
invisible, curled up
A: large, rugged brown scales 3, see invisible, deformed body, roll 1, armoured
tail, reflexive curl
a: Rolling Charge, Renounce Religion, Depart the Abyss, Bend Space, Banish,
Corrupt, Enter the Abyss


You were on level 2 of the Orcish Mines.
You worshipped Lugonu.
Lugonu was extremely pleased with you.
You visited 4 branches of the dungeon, and saw 17 of its levels.
You visited the Abyss 1 time.
You also visited: Sewer and Bailey.

You collected 2118 gold pieces.
You spent 592 gold pieces at shops.

Inventory:

Hand Weapons
 a - the +7 flail of Beogh's Righteous Fury (weapon) {elec, rC+ Will+ Int+3}
   (You found it on level 8 of the Dungeon)

   It occasionally discharges a powerful burst of electricity upon striking a
   foe.
   Int:       It affects your intelligence (+3).
   rC:        It protects you from cold.
   Will:      It increases your willpower.
 b - a +3 war axe of flaming
Missiles
 f - 5 javelins
 i - 35 poisoned darts
 D - 37 boomerangs
 R - 3 curare-tipped darts
Armour
 s - a +1 kite shield (worn)
 w - the +7 Kryia's mail coat (worn) {PotionHeal*2 rC+}
   (You found it on level 5 of the Dungeon)

   Potions are twice as effective at healing its wearer.
   rC:        It protects you from cold.
 J - a +2 helmet (worn)
Jewellery
 h - a +6 ring of dexterity (left hand)
 o - an amulet of reflection
 z - the amulet of Vodka (around neck) {Reflect Will+ SH+5}
   (You bought it in a shop on level 1 of the Orcish Mines)

   [amulet of reflection]

   It reflects blocked missile attacks.
   SH:        It affects your SH (+5).
   Will:      It increases your willpower.
 C - a ring of willpower (right hand)
 F - a ring of protection from cold
Wands
 r - a wand of paralysis (10)
 v - a wand of iceblast (15)
 x - a wand of mindburst (12)
 A - a wand of digging (9)
 H - a wand of charming (4)
 O - a wand of flame (14)
Scrolls
 d - 2 scrolls of enchant armour
 e - 2 scrolls of identify
 k - a scroll of brand weapon {unknown}
 n - 2 scrolls of fog
 p - 2 scrolls of magic mapping
 y - a scroll of vulnerability
 G - 2 scrolls of amnesia
 I - a scroll of acquirement {unknown}
 K - a scroll of immolation {unknown}
 Q - a scroll of holy word
Potions
 g - a potion of lignification
 j - 3 potions of magic
 l - 2 potions of haste
 m - 3 potions of might
 q - a potion of brilliance
 t - a potion of cancellation
 u - a potion of mutation {unknown}
 B - a potion of attraction {unknown}
 E - 3 potions of curing
 L - a potion of invisibility
 N - a potion of berserk rage
 P - a potion of flight {unknown}


   Skills:
 + Level 8.4 Fighting
 - Level 6.6 Long Blades
 + Level 14.1 Maces & Flails
 - Level 0.9 Crossbows
 + Level 6.4 Armour
 + Level 3.6 Dodging
 + Level 7.6 Shields
 + Level 8.5 Invocations
 - Level 3.7 Evocations


You had 12 spell levels left.
You didn't know any spells.
Your spell library contained the following spells:

 Spells                   Type           Power      Damage    Failure   Level
 Animate Skeleton         Necr           0%         N/A       75%         1
 Pain                     Necr           0%         1d4       75%         1
 Sublimation of Blood     Necr           0%         N/A       86%         2
 Wereblood                Tmut           0%         N/A       86%         2
 Frozen Ramparts          Ice            0%         1d2       98%         3
 Ozocubu's Armour         Ice            0%         N/A       98%         3
 Vampiric Draining        Necr           0%         2d6       98%         3
 Ice Form                 Ice/Tmut       0%         N/A       100%        4
 Passage of Golubria      Tloc           N/A        N/A       100%        4
 Summon Ice Beast         Ice/Summ       0%         N/A       100%        4
 Metabolic Englaciation   Hex/Ice        0%         N/A       100%        5
 Silence                  Hex/Air        0%         N/A       100%        5
 Simulacrum               Ice/Necr       0%         N/A       100%        6
 Summon Hydra             Summ           0%         N/A       100%        7
 Lehudib's Crystal Spear  Conj/Erth      0%         10d2      100%        8


Dungeon Overview and Level Annotations

Branches:
Dungeon (11/15)            Temple (1/1) D:7            Lair (3/6) D:9
  Swamp (0/4) Lair:2        Snake (0/4) Lair:2          Orc (2/2) D:10
    Elf (0/3) Orc:2         Sewer (visited)          Bailey (visited)

Altars:
Ashenzari
Cheibriados
Dithmenos
Elyvilon
Fedhas
Gozag
Hepliaklqana
Kikubaaqudgha
Makhleb
Nemelex Xobeh
Okawaru
Qazlal
Ru
Sif Muna
Trog
Uskayaw
Vehumet
Wu Jian
Xom
Yredelemnul
Zin
The Shining One
Beogh

Shops:
D:10 *   Orc:1 =   Orc:2 [

Annotations:
Lair:3 exclusion: oklob plant
Orc:2 Nergalle, Saint Roka


Innate Abilities, Weirdness & Mutations

You are completely covered in rugged brown scales. (AC +3, +7% HP)
You have supernaturally acute eyesight. (SInv)
Armour fits poorly on your strangely shaped body.
You can roll at nearby foes to attack.
You have a long armoured tail.
You curl defensively after being hit.


Message History

Saint Roka the Messiah comes into view.
They are wielding a +0 long sword and wearing a +1 plate armour of poison resistance.
The orc priest miscasts a cantrip.
You block the orc warrior's attack. You block the orc priest's attack.
The orc wizard casts a spell.
The orc wizard flickers and vanishes for a moment.
As you read the scroll labelled CEEFAADOCU, it crumbles to dust.
Magic quickly surges around you.
It was a scroll of vulnerability.
Saint Roka roars a battlecry!
The orc knight goes into a battle-frenzy!
The orc priest begins to cast a cantrip, but forgets the words!
You block the orc warrior's attack. x2
The soul eater draws from the surrounding life force!
* * * LOW HITPOINT WARNING * * *
The soul eater draws from the surrounding life force!
* * * LOW HITPOINT WARNING * * *
You fade into invisibility!
The orc priest begins to cast a cantrip, but forgets the words!
You block the orc warrior's attack.
The orc warrior hits you from afar with a +0 trident!
* * * LOW HITPOINT WARNING * * *
An orc priest comes into view. It is wielding a +0 club.
You block the orc priest's attack.
The orc warrior hits you with a +0 flail.
* * * LOW HITPOINT WARNING * * *
The orc wizard casts a spell at you.
The magic dart hits the orc warrior.
The orc warrior shouts!
You are very lightly contaminated with residual magic.
The +7 Kryia's mail coat enhances the healing.
You feel better.
The orc priest shouts!
You hear a shout!
The orc knight hits you with a +0 battleaxe.
* * * LOW HITPOINT WARNING * * *
Saint Roka invokes the aid of Beogh against you.
Beogh smites you!
* * * LOW HITPOINT WARNING * * *
You block the orc warrior's attack.
The orc priest hits you but does no damage.
The soul eater draws from the surrounding life force!
You die...

,*** #........### *,,,,,,*,,,,,,
,,****###.....## *###,,,,,,,,,,,,
,,*∩,** #.....# *#.∩#,,,,,,,,,,,,
,,*,,,**#8...8#*#...#,,,,,,,,*,,,
,,**,,,*#.....##...#*,,,,,,,,,,,,
,,,**,..#..o.o#o..#*,,,,,,,,,*,,,
,,,,**.......oooo#*,,,,,,,,,,,,,,
,,****#.....oooo#####...,,,,,,,,,
,,,,8,.....3ooTo@.8....h,,,,,,,,,
,,,,,,.....3ooooooo.....,,,,,,,,,
,,,,,,....._o.ooo.......,,,,,,,,,
,,,,,,......4ooo........,,,,,,,,,
,,,,8,............8.....,,,,,,,,,
,,****#...o.....#####...,,,,,,,,,
,,,,**.......o...**,,$..,,,,,,,,,
,,,**,,,#.....#..,**,,..,,,,,,,,,
,,**,,,**,,,,,**,,,**,,,,,,,,,,,,


You could see Saint Roka (strong, weak-willed), 3 orc knights, 2 soul eaters,
Nergalle (strong, weak-willed), an orc high priest (strong, weak-willed), an
orange demon (summoned, weak-willed), a troll (weak-willed), a warg
(weak-willed), an orc sorcerer (strong, weak-willed), 9 orc warriors, 6 orc
priests, 4 orc wizards and 3 orcs.

Vanquished Creatures
  5 hydras
  A catoblepas (Lair:2)
  A two-headed ogre (D:8)
  A tengu warrior (D:11)
  2 death yaks
  Urug (D:10)
  Sonja (Orc:1)
  A bog body (Lair:2)
  3 orc knights
  A black mamba (Lair:3)
  2 elephants
  8 cane toads
  Maggie (D:6)
  A rime drake (Lair:3)
  6 komodo dragons
  A tengu conjurer (D:11)
  3 trolls
  A hornet (D:8)
  5 blink frogs
  A slime creature (D:10)
  7 wyverns
  A wraith (D:6)
  34 yaks
  6 basilisks
  2 vampire mosquitoes (D:11)
  3 swamp worms (Lair:2)
  2 steam dragons
  Duvessa (D:6)
  A naga (Lair:2)
  13 water moccasins
  7 orc warriors
  A swamp drake (D:9)
  A black bear (D:6)
  An ice beast (D:7)
  A sky beast (D:6)
  6 ogres
  2 centaurs
  14 wolves
  A phantom (D:5)
  Blork the orc (D:6)
  19 bullfrogs
  2 scorpions
  2 gnoll sergeants
  Dowan (D:6)
  2 water moccasin zombies
  3 water moccasin skeletons
  17 killer bees
  8 wights
  2 electric eels (Lair:2)
  4 centaur zombies
  10 jellies (D:10)
  7 orc priests
  A bullfrog skeleton (D:6)
  A centaur skeleton (D:7)
  3 hounds (D:5)
  2 iguanas
  9 orc wizards
  A hound skeleton (D:5)
  2 howler monkey zombies (D:10)
  10 adders
  12 gnolls
  A river rat (Lair:3)
  A shadow imp (D:7)
  A white imp (D:6)
  2 ufetubi
  An adder zombie (D:5)
  2 worms
  3 dart slugs
  28 orcs
  15 ball pythons
  5 bats
  23 endoplasms
  9 giant cockroaches
  4 hobgoblins
  11 jackals
  13 kobolds
  11 quokkas
  9 frilled lizards
  6 goblins
  4 rats
418 creatures vanquished.

Vanquished Creatures (collateral kills)
  2 nagas (Lair:2)
  An orc warrior (Orc:1)
  An orc priest (Orc:1)
  An orc (Orc:1)
5 creatures vanquished.

Vanquished Creatures (others)
  2 orc knights (Bailey)
  2 orc warriors (Bailey)
  2 hobgoblins (Bailey)
  A bush (Lair:3)
  24 fungi
  84 plants
  4 starspawn tentacles (Bailey)
119 creatures vanquished.

Grand Total: 542 creatures vanquished

Notes
Turn   | Place    | Note
-------+----------+-------------------------------------------
     0 | Abyss:1  | Destapler the Palentonga Abyssal Knight began the quest for
                  | the Orb.
     0 | Abyss:1  | Reached XP level 1. HP: 19/19 MP: 2/2
    73 | Abyss:3  | Found a corrupted altar of Lugonu.
    76 | Abyss:3  | Noticed an orb spider
    76 | D:1      | Escaped the Abyss
   330 | D:1      | Reached skill level 1 in Dodging
   337 | D:1      | Reached XP level 2. HP: 24/25 MP: 3/3
   345 | D:1      | Reached * piety under Lugonu
  1074 | D:2      | Reached XP level 3. HP: 31/31 MP: 4/4
  2623 | D:3      | Reached XP level 4. HP: 36/37 MP: 6/6
  3237 | D:3      | Reached XP level 5. HP: 32/44 MP: 7/7
  3353 | D:3      | Noticed an ogre
  3653 | D:3      | Killed an ogre
  3857 | D:3      | Found a faded altar of an unknown god.
  3922 | D:4      | Reached ** piety under Lugonu
  3923 | D:4      | Reached XP level 6. HP: 32/51 MP: 8/8
  4245 | D:4      | Found a glowing drain.
  4265 | Sewer    | Entered a sewer
  4598 | Sewer    | Reached *** piety under Lugonu
  4634 | Sewer    | Reached skill level 1 in Shields
  4643 | Sewer    | Gained mutation: You curl defensively after being hit.
                  | [Palentonga growth]
  4643 | Sewer    | Reached XP level 7. HP: 32/57 MP: 9/9
  5333 | D:5      | Entered Level 5 of the Dungeon
  5978 | D:5      | Found the +7 Kryia's mail coat {PotionHeal*2 rC+}
  6529 | D:6      | Noticed Maggie
  6542 | D:6      | Killed Maggie
  6543 | D:6      | Reached skill level 5 in Fighting
  6543 | D:6      | Reached XP level 8. HP: 24/66 MP: 11/11
  6761 | D:6      | Noticed Blork the orc
  6770 | D:6      | Killed Blork the orc
  6771 | D:6      | Reached skill level 5 in Long Blades
  6798 | D:6      | Reached skill level 5 in Shields
  6882 | D:6      | Found a sparkling altar of Nemelex Xobeh.
  7103 | D:6      | Found a shadowy altar of Dithmenos.
  7128 | D:6      | Reached **** piety under Lugonu
  7137 | D:6      | Reached skill level 1 in Evocations
  7338 | D:6      | Reached XP level 9. HP: 56/72 MP: 12/12
  7682 | D:6      | Noticed Dowan
  7682 | D:6      | Noticed Duvessa
  7703 | D:6      | Killed Duvessa
  7704 | D:6      | Reached skill level 5 in Invocations
  7704 | D:6      | Killed Dowan
  8260 | D:7      | Found a flagged portal.
  8269 | Bailey   | Entered a bailey
  8373 | Bailey   | Noticed an orc knight
  8377 | Bailey   | Corrupted Bailey
  8377 | Bailey   | Noticed a glowing orange brain
  8377 | Bailey   | Noticed a freezing wraith
  8377 | Bailey   | Noticed a starcursed mass
  8377 | Bailey   | Noticed an apocalypse crab
  8377 | Bailey   | Noticed an orange demon
  8377 | Bailey   | Noticed a hellion
  8377 | Bailey   | Noticed a smoke demon
  8377 | Bailey   | Noticed a freezing wraith
  8377 | Bailey   | Noticed a starcursed mass
  8377 | Bailey   | Noticed a tentacled starspawn
  8377 | Bailey   | Noticed a starcursed mass
  8380 | Bailey   | Noticed a green death
  8380 | Bailey   | Killed an orc knight
  8381 | Bailey   | Noticed a tentacled starspawn
  8381 | Bailey   | HP: 1/73 [starcursed mass[Lugonu's corruption] (5)]
  8383 | Bailey   | Noticed a worldbinder
  8387 | Bailey   | Noticed a tentacled starspawn
  8390 | Bailey   | Noticed a starcursed mass
  8391 | Bailey   | Noticed an orc knight
  8397 | Bailey   | Killed an orc knight
  8401 | Bailey   | Found a burning altar of Makhleb.
  8435 | Bailey   | Noticed a sixfirhy
  8459 | Bailey   | Noticed a large abomination
  8465 | Bailey   | Noticed a large abomination
  9611 | D:7      | Found a staircase to the Ecumenical Temple.
  9634 | D:7      | Found a blossoming altar of Fedhas.
  9661 | Temple   | Entered the Ecumenical Temple
  9913 | D:7      | Found a hazy altar of Hepliaklqana.
  9915 | D:7      | Found an opulent altar of Gozag.
 10177 | D:7      | Reached XP level 10. HP: 76/82 MP: 14/14
 10399 | D:8      | Paralysed by a hornet for 1 turns
 10401 | D:8      | Paralysed by a hornet for 1 turns
 10574 | D:8      | You fall into a shaft and drop 1 floor!
 10594 | D:10     | Entered Level 10 of the Dungeon
 10989 | D:8      | Identified the +7 flail of Beogh's Righteous Fury {elec,
                  | rC+ Will+ Int+3}
 10998 | D:8      | Noticed a two-headed ogre
 11005 | D:8      | Killed a two-headed ogre
 11006 | D:8      | Reached skill level 3 in Maces & Flails
 11257 | D:8      | Reached skill level 4 in Maces & Flails
 11357 | D:8      | Found a bloodstained altar of Trog.
 12274 | D:9      | Reached skill level 5 in Maces & Flails
 12825 | D:9      | Reached skill level 6 in Maces & Flails
 13018 | D:9      | Found a staircase to the Lair.
 13035 | D:9      | Reached skill level 7 in Maces & Flails
 13216 | Lair:1   | Entered Level 1 of the Lair of Beasts
 13310 | Lair:1   | Noticed a cane toad
 13317 | Lair:1   | Noticed a cane toad
 13323 | D:9      | Killed a cane toad
 13330 | D:9      | Reached skill level 8 in Maces & Flails
 13330 | D:9      | Reached XP level 11. HP: 73/88 MP: 15/15
 13726 | D:9      | Reached skill level 9 in Maces & Flails
 13909 | Lair:1   | Noticed a seven-headed hydra
 13918 | Lair:1   | Killed a one-headed hydra
 13988 | Lair:1   | Reached skill level 10 in Maces & Flails
 14145 | Lair:1   | Reached skill level 11 in Maces & Flails
 14444 | Lair:1   | Reached ***** piety under Lugonu
 14617 | Lair:1   | Reached skill level 12 in Maces & Flails
 15253 | Lair:2   | Noticed a bog body
 15284 | Lair:2   | Killed a bog body
 15285 | Lair:2   | Reached XP level 12. HP: 79/95 MP: 16/16
 15394 | Lair:2   | Noticed a seven-headed hydra
 15407 | Lair:2   | Killed a one-headed hydra
 15971 | Lair:2   | Found a staircase to the Snake Pit.
 16005 | Lair:2   | Reached skill level 13 in Maces & Flails
 16276 | Lair:2   | Noticed a catoblepas
 16285 | Lair:2   | Killed a catoblepas
 16931 | Lair:2   | Found a staircase to the Swamp.
 17294 | Lair:2   | Reached skill level 5 in Armour
 17653 | Lair:3   | Noticed a death yak
 17653 | Lair:3   | Noticed a six-headed hydra
 17653 | Lair:3   | Noticed a death yak
 17653 | Lair:3   | Noticed a death yak
 17654 | Lair:3   | Identified the +8 shortbow of Courage {venom, rElec Int+4}
 17654 | Lair:3   | Noticed a seven-headed hydra
 17656 | Lair:3   | Noticed a death yak
 17658 | Lair:3   | Noticed a death yak
 17668 | Lair:2   | Killed a death yak
 17823 | Lair:3   | Noticed a five-headed hydra
 18103 | Lair:3   | Killed a two-headed hydra
 18357 | Lair:2   | Killed a three-headed hydra
 18759 | Lair:3   | Killed a one-headed hydra
 18766 | Lair:3   | Reached XP level 13. HP: 61/104 MP: 18/18
 19824 | D:10     | Found a staircase to the Orcish Mines.
 20016 | D:10     | Found a stormy altar of Qazlal.
 20046 | D:10     | Found Suvvy's General Store.
 20051 | D:10     | Bought a potion of curing for 39 gold pieces
 20094 | D:10     | Reached skill level 14 in Maces & Flails
 20228 | D:10     | Found a glowing golden altar of the Shining One.
 20423 | D:10     | You fall into a shaft and drop 1 floor!
 21108 | Orc:1    | Entered Level 1 of the Orcish Mines
 21108 | Orc:1    | Noticed Urug
 21125 | D:10     | Killed Urug
 21244 | Orc:1    | Found Woegg's Jewellery Boutique.
 21278 | Orc:1    | Bought the amulet of Vodka {Reflect Will+ SH+5} for 553
                  | gold pieces
 21299 | Orc:1    | Noticed Sonja
 21307 | Orc:1    | Killed Sonja
 22360 | Orc:2    | Entered Level 2 of the Orcish Mines
 22400 | Orc:2    | Found a staircase to the Elven Halls.
 22510 | Orc:2    | Found Lubet's Antique Armour Emporium.
 22510 | Orc:2    | Noticed Nergalle
 22514 | Orc:2    | Noticed Saint Roka
 22517 | Orc:2    | Killed from afar by a soul eater

Illustrated notes

Levels and vault maps discovered:
D:1:      shiori_arrival_maze, layout_basic
D:2:      layout_basic
D:3:      layout_basic, ebering_ecumenical_altar_abandoned
D:4:      layout_loops_ring, portal_sewer_entry_d
D:5:      layout_loops_ring, hangedman_decor_growths, kennysheep_minor_cross,
          minmay_diced_spiral
D:6:      layout_loops_corners, grunt_dithmenos_smoke,
          nemelex_dance_club_becter, minmay_manual_maat, uniq_maggie,
          uniq_blork_the_orc, uniq_duvessa
D:7:      layout_rooms, chequers_temple_overflow_statue_of_worship,
          minmay_temple_entry_glass, enter_bailey_8, hangedman_glass_teeth,
          st_stairs_4
D:8:      layout_layer_cave, mainiacjoe_overflow_paths
D:9:      layout_irregular_city, erik_lair_dragon
D:10:     lemuel_slime, layout_irregular_city, tso_altar,
          nicolae_qazlal_style_of_elements, orc_0_dummy, serial_shops,
          kennysheep_little_box
D:11:     layout_cave_pools, enter_trove_5
Temple:   jpeg_temple_clearing
Lair:1:   layout_cave_pods, beast_lair_carwin_8
Lair:2:   layout_gridlike, nicolae_swamp_entry_splash_gauntlet,
          minmay_snake_entry_guardpost_large
Lair:3:   regret_index_harrowing_hell_hive, layout_chaotic_city,
          nicolae_volcano_entry_hallway, serial_forest,
          infiniplex_forest_clump_small, infiniplex_forest_straight_3,
          infiniplex_forest_lined_room_2, infiniplex_forest_clump_tiny,
          infiniplex_forest_split, infiniplex_forest_end_1,
          infiniplex_forest_lined_4_way, grunt_forest_small_clearing_treed
Orc:1:    layout_caves, minmay_shop_enchanted_jewellery, uniq_urug, uniq_sonja
Orc:2:    grunt_orc_cross, layout_diamond_mine, bloody_makhleb

Skill      XL: |  1  2  3  4  5  6  7  8  9 10 11 12 13 |
---------------+----------------------------------------+-----
Dodging        | 1 2 3 |  3.6
Armour         | 2 3 4 5 6 |  6.4
Long Blades    | 3 4 5 6 |  6.6
Invocations    | 3 4 5 6 7 8 |  8.5
Fighting       | 4 5 6 7 8 |  8.4
Shields        | 1 4 5 6 7 |  7.6
Evocations     | 1 3 |  3.7
Maces & Flails | 8 12 13 14 | 14.1
Crossbows      | |  0.9

Action                   |  1- 3 |  4- 6 |  7- 9 | 10-12 | 13-15 || total
-------------------------+-------+-------+-------+-------+-------++-------
Melee: Falchion          |    72 |   167 |   489 |    74 |       ||   802
       Tailslap          |    15 |    35 |    94 |   121 |    38 ||   303
       Flail             |       |       |       |   533 |   220 ||   753
       War axe           |       |       |       |    35 |       ||    35
Throw: Dart              |       |       |    13 |       |       ||    13
       Throwing net      |       |       |       |     1 |       ||     1
Invok: Depart the Abyss  |     1 |       |       |       |       ||     1
       Corrupt           |       |       |     1 |       |       ||     1
       Bend Space        |       |       |       |     4 |    10 ||    14
       Banish            |       |       |       |       |     1 ||     1
 Abil: Rolling Charge    |    36 |    30 |    62 |    66 |    40 ||   234
Evoke: Wand              |       |       |     3 |     2 |    12 ||    17
  Use: Potion            |       |     1 |     8 |     2 |     5 ||    16
       Scroll            |       |     8 |       |       |    11 ||    19
 Stab: Held in net/web   |       |       |       |     1 |       ||     1
Armor: Leather armour    |    13 |    52 |    38 |       |       ||   103
       Scale mail        |       |       |   215 |   222 |   108 ||   545
Dodge: Dodged            |    20 |    80 |   133 |   158 |    50 ||   441
Block: Other             |     2 |    48 |     6 |       |       ||    56
       Kite shield       |       |       |   447 |   540 |   196 ||  1183
       Reflection        |       |       |    38 |     6 |     3 ||    47
       Rpst.: Falchion   |     7 |    24 |    27 |     3 |       ||    61
